 Dungeon Crawl Stone Soup version 0.24.1-14-gf8d2b509d9 (webtiles) character file.

Game seed: 15277092916617969083, levelgen mode: deterministic

228200 Amplified the Spry (level 18, -19/163 HPs)
             Began as a Demigod Fire Elementalist on May 20, 2020.
             Killed from afar by a nagaraja (25 damage)
             ... with an orb of energy
             ... on level 4 of the Snake Pit on May 21, 2020.
             The game lasted 01:18:07 (46462 turns).

Amplified the Spry (Demigod Fire Elementalist)     Turns: 46462, Time: 01:18:08

Health: -19/163    AC: 25    Str: 31    XL:     18   Next: 5%
Magic:  24/24      EV: 23    Int: 15    God:
Gold:   57         SH:  6    Dex: 20    Spells: 19/20 levels left

rFire    + + +     SeeInvis .   f - +8 quarterstaff of Awkwardness {flame, rPois rF+ Str+3}
rCold    . . .     Gourm    .   (shield currently unavailable)
rNeg     + + .     Faith    .   I - +1 fire dragon scales
rPois    +         Spirit   .   e - +2 helmet
rElec    .         Reflect  +   b - +0 cloak of Compression {-Cast rC+ rN++ Int-4 Slay+3} (curse)
rCorr    .         Harm     .   g - +2 pair of gloves of Jokhlaog {Str+2 Stlth+}
MR       +....     NoCast   +   J - +0 pair of boots of the Known World {rPois Str+3}
Stlth    ++........             u - +6 amulet of reflection
HPRegen  0.37/turn              L - +4 ring of strength
MPRegen  0.19/turn              y - +3 ring of evasion

@: about to teleport, constricted, studying Summonings
A: high mp 1
}: 1/15 runes: barnacled
a: no special abilities


You were on level 4 of the Snake Pit.
You were not hungry.

You visited 6 branches of the dungeon, and saw 34 of its levels.
You also visited: Ice Cave.

You collected 3972 gold pieces.
You spent 3915 gold pieces at shops.

Inventory:

Hand Weapons
 f - the +8 quarterstaff of Awkwardness (weapon) {flame, rPois rF+ Str+3}
   (You acquired it on level 4 of the Lair of Beasts)

   It has been specially enchanted to burn those struck by it, causing extra
   injury to most foes and up to half again as much damage against particularly
   susceptible opponents.
   It affects your strength (+3).
   It protects you from fire.
   It protects you from poison.
 p - the +3 glaive of the Present {flame, rElec rN++ Dex-2 SInv}
   (You bought it in a shop on level 1 of the Elven Halls)

   It has been specially enchanted to burn those struck by it, causing extra
   injury to most foes and up to half again as much damage against particularly
   susceptible opponents.
   Big, fiery blades are also staple armaments of hydra-hunters.
   It affects your dexterity (-2).
   It insulates you from electricity.
   It greatly protects you from negative energy.
   It lets you see invisible.
 K - the +8 spear of Soseerus {drain, Str+4}
   (You found it on level 2 of the Lair of Beasts)

   A truly terrible weapon, it drains the life of those it strikes.
   It affects your strength (+4).
 P - a +1 demon trident of electrocution
 Q - a +3 demon trident of draining
 S - a +1 longbow of freezing
Missiles
 d - a curare-tipped dart
 m - 42 poisoned darts
 U - 8 silver javelins (quivered)
Armour
 b - the cursed +0 cloak of Compression (worn) {-Cast rC+ rN++ Int-4 Slay+3}
   (You found it on level 7 of the Dungeon)

   It affects your intelligence (-4).
   It affects your accuracy and damage with ranged weapons and melee attacks
   (+3).
   It protects you from cold.
   It greatly protects you from negative energy.
   It prevents spellcasting.
   It has a curse placed upon it.
 e - a +2 helmet (worn)
 g - the +2 pair of gloves of Jokhlaog (worn) {Str+2 Stlth+}
   (You bought it in a shop on level 2 of the Orcish Mines)

   It affects your strength (+2).
   It makes you more stealthy.
 i - the +4 skin of Zhor {Hibernate rC+++ SInv}
   (You bought it in a shop on level 2 of the Orcish Mines)

   It renders you almost immune to cold.
   It lets you see invisible.
 l - the cursed +0 robe "Jioqeuc" {MP+9 Str+4}
   (You took it off an orc on level 7 of the Dungeon)

   It affects your strength (+4).
   It affects your magic capacity (+9).
   It has a curse placed upon it.
 E - a +1 pair of gloves of dexterity
 F - a +0 shield of reflection
 I - +1 fire dragon scales (worn)
 J - the +0 pair of boots of the Known World (worn) {rPois Str+3}
   (You found it on level 2 of the Lair of Beasts)

   It affects your strength (+3).
   It protects you from poison.
 N - a +2 cloak of poison resistance
Jewellery
 t - an uncursed amulet of the acrobat
 u - a +6 amulet of reflection (around neck)
 x - an uncursed ring of protection from magic
 y - a +3 ring of evasion (right hand)
 L - a +4 ring of strength (left hand)
 M - an uncursed ring of flight
Wands
 a - a wand of scattershot (4)
 n - a wand of enslavement (10)
 q - a wand of random effects (78)
 z - a wand of disintegration (3)
 A - a wand of flame (12)
 T - a wand of paralysis (14)
 W - a wand of digging (6)
Scrolls
 j - 4 scrolls of immolation
 k - 3 scrolls of fog
 o - 7 scrolls of amnesia
 s - 8 scrolls of remove curse
 B - a scroll of enchant weapon
 G - 2 scrolls of fear
 H - 4 scrolls of teleportation
 O - a scroll of holy word
 R - a scroll of magic mapping
Potions
 r - 3 potions of cancellation
 C - 4 potions of mutation
 D - 5 potions of brilliance
 V - a potion of haste
Books
 v - a manual of Summonings
Miscellaneous
 h - a lamp of fire (inert)
Comestibles
 c - 48 rations


   Skills:
 * Level 15.5 Fighting
   Level 1.8(9.4) Maces & Flails
 - Level 2.7(9.6) Polearms
 - Level 13.9(14.0) Staves
 * Level 15.6 Armour
 * Level 15.6 Dodging
 - Level 1.7 Stealth
 - Level 1.7 Spellcasting
 - Level 0.8 Conjurations
 * Level 9.8 Summonings
 - Level 2.6 Fire Magic


You had 19 spell levels left.
You knew the following spells:

 Your Spells              Type           Power        Failure   Level  Hunger
a - Flame Tongue          Conj/Fire      #....        21%         1    ##.....

Your spell library contained the following spells:

 Spells                   Type           Power        Failure   Level  Hunger
 Summon Small Mammal      Summ           ####         1%          1    ##.....
 Summon Guardian Golem    Hex/Summ       ###.....     16%         3    ####...
 Throw Flame              Conj/Fire      #.....       30%         2    ###....
 Shock                    Conj/Air       #...         34%         1    ##.....
 Sting                    Conj/Pois      #...         34%         1    ##.....
 Animate Skeleton         Necr           N/A          38%         1    ##.....
 Apportation              Tloc           #.....       38%         1    ##.....
 Confusing Touch          Hex            #.....       38%         1    ##.....
 Corona                   Hex            #......      38%         1    ##.....
 Freeze                   Ice            #...         38%         1    ##.....
 Throw Frost              Conj/Ice       #.....       45%         2    ###....
 Summon Ice Beast         Ice/Summ       ###.....     47%         4    #####..
 Ensorcelled Hibernation  Hex/Ice        #.....       52%         2    ###....
 Poisonous Vapours        Pois/Air       #.....       52%         2    ###....
 Slow                     Hex            #.......     52%         2    ###....
 Conjure Flame            Conj/Fire      #.......     52%         3    ####...
 Inner Flame              Hex/Fire       #.......     56%         3    ####...
 Dazzling Spray           Conj/Hex       #.....       71%         3    ####...
 Static Discharge         Conj/Air       #.......     71%         3    ####...
 Mephitic Cloud           Conj/Pois/Air  #.......     73%         3    ####...
 Confuse                  Hex            #.......     77%         3    ####...
 Ozocubu's Armour         Chrm/Ice       #.......     77%         3    ####...
 Tukima's Dance           Hex            #.......     77%         3    ####...
 Sticky Flame             Conj/Fire      #.......     89%         4    #####..
 Throw Icicle             Conj/Ice       #.......     98%         4    #####..
 Leda's Liquefaction      Hex/Erth       #.........   99%         4    #####..
 Olgreb's Toxic Radiance  Pois           #.......     99%         4    #####..
 Fireball                 Conj/Fire      #.........   99%         5    ######.
 Bolt of Magma            Conj/Fire/Erth #.........   100%        5    ######.
 Lightning Bolt           Conj/Air       #.........   100%        5    ######.
 Venom Bolt               Conj/Pois      #.........   100%        5    ######.
 Yara's Violent Unravell  Hex/Tmut       #.........   100%        5    ######.
 Iron Shot                Conj/Erth      #.........   100%        6    #######
 Statue Form              Tmut/Erth      #........    100%        6    #######
 Discord                  Hex            #.........   100%        8    #######
 Ignition                 Fire           #.........   100%        8    #######
 Shatter                  Erth           #.........   100%        9    #######
 Tornado                  Air            #.........   100%        9    #######


Dungeon Overview and Level Annotations

Branches:
Dungeon (15/15)            Temple (0/1) D:7            Lair (6/6) D:10
 Shoals (4/4) Lair:4        Snake (4/4) Lair:4        Slime (0/5) Lair:5
    Orc (2/2) D:9             Elf (3/3) Orc:2        Vaults (0/5) D:14
 Depths (0/5) D:15          IceCv (visited)

Shops:
D:5 }   D:11 (   D:12 *   Orc:2 [([[   Elf:1 (   Elf:2 :   Shoals:1 (
Shoals:2 ?   Snake:2 }   Snake:3 }}=

Annotations:
D:15 1 runed translucent door, Riqar's ghost, journeyman MfIE
Lair:5 exclusion: oklob plant
Shoals:3 Superslow
Snake:1 2 runed translucent doors, Asterion; Yfast's ghost, adept TrFi
Orc:2 Snake, Shoals, Elf?


Innate Abilities, Weirdness & Mutations

You have an increased reservoir of magic. (+10% MP)


Message History

The nagaraja is engulfed in blazing flames.
The nagaraja points at you and mumbles some strange words.
The orb of energy hits you!!
* * * LOW HITPOINT WARNING * * *
The orb of energy explodes!
The nagaraja constricts you.
Unknown command.
As you read the scroll of fear, it crumbles to dust.
You assume a fearsome visage.
The nagaraja resists with almost no effort.
The nagaraja is engulfed in blazing flames.
The nagaraja casts a spell at you.
You feel strangely unstable.
* * * LOW HITPOINT WARNING * * *
The nagaraja constricts you.
Your fire dragon scales prevents you from hitting the nagaraja.
The nagaraja is almost dead.
The nagaraja is engulfed in blazing flames.
The nagaraja points at you and mumbles some strange words.
The orb of energy hits you!!
You die...

#..........N.§§#####
#..........)N#§##
#....######..N..# #....#
##'N(## ########....##
###.....###
#............###...)≈≈.([##
#............##)#..≈≈≈..#.#
#............##.#..≈≈≈..#.#
###############@#..≈≈≈..#.#
##N°○≈≈≈...## ###.○°..###
#######'#'######
###.##.........# .##
##..#[............#..##
##..S..#.........#.....#
#..)N#N............ ....
#..##)###.......### #).


You could see a nagaraja.

Vanquished Creatures
  Jorgrun (Orc:2)
  Polyphemus (Shoals:3)
  Donald (Shoals:3)
  8 nagarajas
  A frost giant (IceCv)
  3 orc warlords
  The ghost of Rampager the Transmogrifier, a journeyman DsTm of Lugonu (Shoals:1)
  A juggernaut skeleton (D:15)
  The ghost of lllmatko the Basher, a journeyman MiBe of Trog (D:13)
  13 merfolk impalers
  2 merfolk javelineers
  A fire dragon (Lair:6)
  Fannar (Lair:1)
  3 hydras
  10 naga warriors
  5 centaur warriors
  A vault guard (D:14)
  2 alligator snapping turtles
  3 merfolk avatars
  2 catoblepae
  3 ogre magi (D:15)
  2 satyrs (Shoals:3)
  9 anacondas
  Erica (D:9)
  2 tengu warriors
  3 dancing weapons
  2 merfolk aquamancers
  A vampire mage (D:15)
  11 death yaks
  13 two-headed ogres
  2 orc high priests (Orc:1)
  4 shock serpents
  Sonja (D:10)
  8 naga sharpshooters
  5 deep elf knights (Elf:1)
  A salamander mystic (Snake:3)
  21 sea snakes
  2 unseen horrors
  2 skeletal warriors (D:15)
  3 deep elf archers (Elf:1)
  2 wizards (D:15)
  The ghost of lllmatko the Fighter, a novice MiBe of Trog (D:5)
  A lindwurm (Lair:6)
  2 naga ritualists
  A necromancer (D:15)
  4 orc knights
  2 wolf spider zombies (D:15)
  11 harpies
  7 orc sorcerers (Orc:2)
  11 ugly things
  7 mana vipers
  10 fauns
  18 deep elf magi
  9 manticores
  4 cyclopes
  9 elephants
  6 merfolk sirens
  9 salamanders
  An ice statue (IceCv)
  8 guardian serpents (Snake:4)
  10 naga magi
  22 black mambas
  3 gargoyles
  Joseph (D:7)
  3 water nymphs
  5 torpor snails (Lair:6)
  6 spiny frogs
  3 komodo dragons
  A spriggan zombie (D:15)
  9 rime drakes
  A yaktaur (D:13)
  A kobold demonologist (D:14)
  A redback zombie (D:15)
  10 trolls
  A tengu conjurer (D:13)
  An efreet (D:14)
  3 wind drakes
  36 merfolk
  12 polar bears
  18 blink frogs
  17 hippogriffs
  4 tyrant leeches (Lair:6)
  12 slime creatures
  7 hornets (Lair:6)
  7 dream sheep
  A fire dragon zombie (D:15)
  6 snapping turtles
  A deep troll zombie (D:15)
  A meliai zombie (D:12)
  2 air elementals (Elf:1)
  A vampire (D:14)
  69 yaks
  7 wyverns
  Eustachio (D:4)
  2 fire elementals (Elf:1)
  3 hogs (D:9)
  12 humans
  11 water elementals
  3 hungry ghosts
  A basilisk (shapeshifter) (D:15)
  5 basilisks
  9 wargs
  31 nagas
  A harpy simulacrum (D:15)
  A soldier ant (D:14)
  Duvessa (D:7)
  A hell hound (Lair:5)
  8 water moccasins
  6 porcupines
  A meliai simulacrum (D:14)
  8 ice beasts
  8 sky beasts
  4 black bears
  2 phantoms
  An eye of draining (D:12)
  A boggart (shapeshifter) (D:14)
  36 orc warriors
  18 ogres
  A necrophage (D:10)
  21 wolves
  20 centaurs
  24 crocodiles
  2 big kobolds (D:14)
  A wyvern zombie (D:13)
  7 bullfrogs
  2 earth elementals (Elf:1)
  Robin (D:4)
  2 jellies
  3 scorpions
  Dowan (D:7)
  6 killer bees (D:10)
  10 wights
  3 howler monkeys
  2 electric eels
  A wyvern simulacrum (D:14)
  8 crimson imps
  A bullfrog zombie (D:11)
  40 orc priests
  24 orc wizards
  4 hounds
  A bullfrog skeleton (D:11)
  A gnoll shaman (Orc:1)
  Jessica (D:2)
  5 centaur skeletons
  9 iguanas
  Natasha (thrice) (D:2)
  13 worker ants
  A howler monkey zombie (D:8)
  4 worker ant zombies
  6 gnolls
  A howler monkey skeleton (D:8)
  13 adders
  4 shadow imps
  A white imp (D:14)
  An ufetubus (D:14)
  An ooze (D:3)
  2 adder skeletons
  An adder zombie (D:7)
  3 worms (D:2)
  4 dart slugs
  11 leopard geckos
  119 orcs
  3 giant cockroaches
  19 goblins
  9 hobgoblins
  15 jackals
  18 kobolds
  6 quokkas
  5 ball pythons
  11 bats
  12 frilled lizards
  4 rats
  4 plants
1232 creatures vanquished.

Vanquished Creatures (collateral kills)
  3 gnolls (D:4)
  An adder skeleton (D:4)
  4 goblins (D:4)
  A ball python (D:4)
9 creatures vanquished.

Vanquished Creatures (others)
  A minotaur (D:13)
  A naga sharpshooter (Snake:4)
  2 deep elf magi
  A wraith (D:13)
  A naga (Snake:4)
  A black bear (D:8)
  2 wolves (IceCv)
  A gnoll sergeant (D:4)
  11 fungi
  17 plants
38 creatures vanquished.

Grand Total: 1279 creatures vanquished

Notes
Turn   | Place    | Note
-------+----------+-------------------------------------------
     0 | D:1      | Amplified the Demigod Fire Elementalist began the quest for
                  | the Orb.
     0 | D:1      | Reached XP level 1. HP: 14/14 MP: 5/5
   259 | D:1      | Reached XP level 2. HP: 15/22 MP: 7/7
   859 | D:1      | Reached skill level 1 in Armour
   864 | D:1      | Reached skill level 1 in Fighting
  1179 | D:2      | Noticed Jessica
  1188 | D:2      | Killed Jessica
  1188 | D:2      | Reached skill level 1 in Maces & Flails
  1188 | D:2      | Reached XP level 3. HP: 28/28 MP: 5/8
  1191 | D:2      | Noticed Natasha
  1214 | D:2      | Killed Natasha
  1214 | D:2      | Reached XP level 4. HP: 18/35 MP: 1/9
  2627 | D:2      | Reached XP level 5. HP: 37/41 MP: 10/10
  2741 | D:2      | Noticed Natasha
  2752 | D:2      | Killed Natasha
  2807 | D:2      | Noticed Natasha
  2939 | D:2      | Killed Natasha
  3092 | D:2      | Reached skill level 1 in Staves
  3338 | D:4      | Noticed Eustachio
  3575 | D:4      | Noticed Robin
  3653 | D:4      | Killed Robin
  3653 | D:4      | Reached XP level 6. HP: 23/50 MP: 11/11
  4096 | D:5      | Entered Level 5 of the Dungeon
  4123 | D:5      | Found an ornate altar of the Wu Jian Council.
  4182 | D:5      | You fall into a shaft and drop 3 floors!
  4208 | D:8      | Reached XP level 7. HP: 57/57 MP: 12/12
  4952 | D:7      | Noticed Joseph
  4962 | D:7      | Noticed a hungry ghost
  5133 | D:7      | Noticed Dowan
  5135 | D:7      | Noticed Duvessa
  5151 | D:7      | Killed Dowan
  5173 | D:7      | Killed Duvessa
  5173 | D:7      | Reached XP level 8. HP: 29/66 MP: 13/13
  5353 | D:7      | Identified the cursed +0 robe "Jioqeuc" {MP+9 Str+4}
  5407 | D:7      | Reached skill level 5 in Dodging
  5517 | D:7      | Found a shadowy altar of Dithmenos.
  5549 | D:7      | Found a staircase to the Ecumenical Temple.
  5865 | D:7      | Got an ichor-stained cloak
  5998 | D:7      | Identified the cursed +0 cloak of Compression {-Cast rC+
                  | rN++ Int-4 Slay+3} (You found it on level 7 of the Dungeon)
  6292 | D:6      | Reached skill level 5 in Fighting
  6292 | D:6      | Reached skill level 5 in Armour
  6796 | D:5      | Found Naerydua's Gadget Shoppe.
  7064 | D:5      | Noticed lllmatko's ghost (novice MiBe)
  7065 | D:5      | Found a large runed translucent door.
  7065 | D:5      | Found a large runed translucent door.
  7417 | D:5      | Reached XP level 9. HP: 72/74 MP: 14/14
  7769 | D:4      | Found an iron altar of Okawaru.
  7953 | D:4      | Killed Eustachio
  7953 | D:4      | Reached skill level 5 in Staves
  8718 | D:7      | Killed Joseph
  9912 | D:9      | Noticed Erica
  9949 | D:9      | Killed Erica
  9949 | D:9      | Reached XP level 10. HP: 35/84 MP: 15/15
 10512 | D:9      | Noticed a catoblepas
 10533 | D:10     | Entered Level 10 of the Dungeon
 10656 | D:10     | Noticed Sonja
 10659 | D:10     | Killed Sonja
 11304 | D:10     | Found a staircase to the Lair.
 11467 | D:9      | Found a staircase to the Orcish Mines.
 11585 | D:9      | Killed a catoblepas
 11849 | D:11     | Found a bloodstained altar of Trog.
 12289 | Lair:1   | Entered Level 1 of the Lair of Beasts
 12289 | Lair:1   | Noticed Fannar
 12322 | Lair:1   | Killed Fannar
 12322 | Lair:1   | Reached XP level 11. HP: 75/94 MP: 17/17
 13441 | Lair:2   | You fall into a shaft and drop 1 floor!
 15387 | Lair:2   | Got a translucent spear
 15388 | Lair:2   | Identified the +8 spear of Soseerus {drain, Str+4} (You
                  | found it on level 2 of the Lair of Beasts)
 15515 | Lair:2   | Reached skill level 1 in Polearms
 16006 | Lair:2   | Got a pair of steaming boots
 16027 | Lair:2   | Identified the +0 pair of boots of the Known World {rPois
                  | Str+3} (You found it on level 2 of the Lair of Beasts)
 16541 | Lair:4   | Reached XP level 12. HP: 105/105 MP: 18/18
 16787 | Lair:4   | Identified a scroll of acquirement
 16792 | Lair:4   | Got an iridescent quarterstaff
 16793 | Lair:4   | Identified the +8 quarterstaff of Awkwardness {flame, rPois
                  | rF+ Str+3} (You acquired it on level 4 of the Lair of
                  | Beasts)
 17087 | Lair:4   | Reached skill level 10 in Dodging
 17098 | Lair:4   | Found a staircase to the Shoals.
 17244 | Lair:4   | Found a staircase to the Snake Pit.
 17507 | Lair:5   | Reached skill level 10 in Armour
 17512 | Lair:5   | Reached skill level 10 in Fighting
 17910 | Lair:6   | Entered Level 6 of the Lair of Beasts
 18425 | Lair:5   | Reached XP level 13. HP: 58/114 MP: 19/19
 18476 | Lair:5   | Reached skill level 10 in Staves
 18662 | Lair:5   | Found a viscous altar of Jiyva.
 18662 | Lair:5   | Found a staircase to the Slime Pits.
 20252 | Lair:6   | Found a runed translucent door.
 21011 | Orc:1    | Entered Level 1 of the Orcish Mines
 21020 | Orc:1    | Noticed an orc warlord
 21214 | D:11     | Found Gapreuqe's Antique Weapon Shop.
 21222 | D:11     | Bought a jewelled shortbow for 160 gold pieces
 21223 | D:11     | Identified the +3 shortbow "Yfegaat" {freeze, rF+} (You
                  | bought it in a shop on level 11 of the Dungeon)
 22428 | D:12     | Found Giug's Assorted Antiques.
 22431 | D:12     | Bought a scroll labeled SUCIJUELEE for 30 gold pieces
 22431 | D:12     | Bought a scroll of blinking for 225 gold pieces
 22431 | D:12     | Bought 2 potions of curing for 180 gold pieces
 22431 | D:12     | Bought a potion of heal wounds for 150 gold pieces
 22570 | D:12     | Bought a dazzling morningstar for 270 gold pieces
 22926 | D:12     | Reached XP level 14. HP: 116/125 MP: 20/20
 23124 | D:13     | Noticed lllmatko's ghost (journeyman MiBe)
 23159 | D:13     | You fall into a shaft and drop 1 floor!
 23285 | D:14     | Found a sacrificial altar of Ru.
 23402 | D:13     | Found a frozen archway.
 23418 | IceCv    | Entered an ice cave
 23915 | IceCv    | Noticed a frost giant
 23932 | IceCv    | Killed a frost giant
 23990 | IceCv    | Identified the Handbook of the Arsonist and Fascination
 24854 | D:14     | Found a gate to the Vaults.
 25541 | D:14     | Identified the cursed +0 morningstar of the Undead {freeze,
                  | rC++ Dex-2} (You bought it in a shop on level 12 of the
                  | Dungeon)
 25562 | D:15     | Entered Level 15 of the Dungeon
 25906 | D:15     | Reached XP level 15. HP: 94/134 MP: 21/21
 26389 | D:15     | Found a staircase to the Depths.
 26893 | D:15     | Found a runed translucent door.
 26893 | D:15     | Found a shimmering altar of Xom.
 26893 | D:15     | Noticed Riqar's ghost (journeyman MfIE)
 27769 | D:13     | Found a runed translucent gate.
 27769 | D:13     | Found a runed translucent gate.
 27772 | D:13     | Found a runed translucent gate.
 28314 | D:13     | Killed lllmatko's ghost
 28587 | D:5      | Killed lllmatko's ghost
 29264 | Orc:1    | Found a roughly hewn altar of Beogh.
 29431 | Orc:1    | Found a roughly hewn altar of Beogh.
 29618 | Orc:2    | Entered Level 2 of the Orcish Mines
 29681 | Orc:2    | Found a roughly hewn altar of Beogh.
 29694 | Orc:2    | Found Xaemezug's Antique Armour Shoppe.
 29700 | Orc:2    | Bought a runed helmet for 262 gold pieces
 30067 | Orc:2    | Noticed Jorgrun
 30366 | Orc:2    | Found a shimmering blue altar of Sif Muna.
 30382 | Orc:2    | Identified Sif Muna's Incunabulum of Feathers
 30426 | Orc:2    | Found a roughly hewn altar of Beogh.
 30591 | Orc:2    | Found a staircase to the Elven Halls.
 30603 | Orc:2    | Found a roughly hewn altar of Beogh.
 30603 | Orc:2    | Found Rizeor's Armour Emporium.
 30636 | Orc:2    | Killed Jorgrun
 31140 | Orc:2    | Found Zadyshroi's Antique Armour Shop.
 31140 | Orc:2    | Found a roughly hewn altar of Beogh.
 31141 | Orc:2    | Found Sato's Antique Weapon Boutique.
 31154 | Orc:2    | Bought a pair of distressingly furry gloves for 285 gold
                  | pieces
 31154 | Orc:2    | Bought a pair of glowing boots for 225 gold pieces
 31154 | Orc:2    | Identified the +2 pair of gloves of Jokhlaog {Str+2 Stlth+}
                  | (You bought it in a shop on level 2 of the Orcish Mines)
 31230 | Orc:2    | Found a roughly hewn altar of Beogh.
 31350 | Orc:2    | Found a roughly hewn altar of Beogh.
 31528 | Orc:2    | Found a roughly hewn altar of Beogh.
 31618 | Orc:2    | Bought the +4 skin of Zhor {Hibernate rC+++ SInv} for 931
                  | gold pieces
 31618 | Orc:2    | Found the +4 skin of Zhor {Hibernate rC+++ SInv}
 31654 | Elf:1    | Entered Level 1 of the Elven Halls
 31955 | Elf:1    | Reached XP level 16. HP: 82/145 MP: 22/22
 32281 | Elf:1    | Found Vyosm's Antique Weapon Emporium.
 32294 | Elf:1    | Bought a pitted hunting sling for 123 gold pieces
 32294 | Elf:1    | Bought an ebony glaive for 218 gold pieces
 32294 | Elf:1    | Identified the +6 hunting sling of Focus {venom, *Drain
                  | rElec rF+ Str+8} (You bought it in a shop on level 1 of the
                  | Elven Halls)
 32295 | Elf:1    | Identified the +3 glaive of the Present {flame, rElec rN++
                  | Dex-2 SInv} (You bought it in a shop on level 1 of the
                  | Elven Halls)
 32864 | Elf:3    | Entered Level 3 of the Elven Halls
 32895 | Elf:2    | Found Zousiher's Book Shop.
 33111 | Snake:1  | Entered Level 1 of the Snake Pit
 33266 | Snake:1  | Noticed Yfast's ghost (adept TrFi)
 33289 | Snake:1  | Found a runed translucent gate.
 33289 | Snake:1  | Found a runed translucent gate.
 33408 | Snake:1  | Noticed Asterion
 33433 | Snake:1  | Noticed an Executioner
 33709 | Shoals:1 | Entered Level 1 of the Shoals
 33791 | Shoals:1 | Found a runed translucent gate.
 33792 | Shoals:1 | Found a runed translucent gate.
 33793 | Shoals:1 | Found a runed translucent gate.
 33797 | Shoals:1 | Noticed Rampager's ghost (journeyman DsTm)
 33854 | Shoals:1 | Killed Rampager's ghost
 33876 | Shoals:1 | Got a bloodstained shield
 33877 | Shoals:1 | Identified the +0 shield of the Moneychanger {*Corrode
                  | Int+5 Dex+4 Stlth+} (You acquired it on level 1 of the
                  | Shoals)
 34340 | Shoals:1 | Found Okisym's Weapon Shop.
 35222 | Shoals:2 | Found Demmism's Magic Scroll Emporium.
 35230 | Shoals:2 | Bought a scroll of fear for 56 gold pieces
 35230 | Shoals:2 | Bought a scroll of teleportation for 48 gold pieces
 35230 | Shoals:2 | Bought a scroll of teleportation for 48 gold pieces
 35230 | Shoals:2 | Bought a scroll of teleportation for 48 gold pieces
 35230 | Shoals:2 | Bought a scroll of magic mapping for 56 gold pieces
 35441 | Shoals:4 | Entered Level 4 of the Shoals
 35551 | Shoals:3 | Noticed Polyphemus
 35616 | Shoals:3 | Killed Polyphemus
 36379 | Shoals:3 | Reached skill level 1 in Summonings
 36625 | Shoals:3 | Identified the +8 rapier of Infinity {pierce, rC+} (You
                  | found it on level 3 of the Shoals)
 37228 | Shoals:3 | Noticed Donald
 37245 | Shoals:3 | Killed Donald
 38417 | Shoals:4 | Reached XP level 17. HP: 140/154 MP: 23/23
 38868 | Shoals:4 | Reached skill level 5 in Summonings
 38924 | Shoals:4 | Got a barnacled rune of Zot
 39066 | Shoals:4 | Identified the +4 whip of Theory {vamp, Int+8}
 40699 | Snake:2  | Reached skill level 15 in Dodging
 40982 | Snake:2  | Reached skill level 15 in Armour
 41649 | Snake:2  | Found Yleocysh's Gadget Emporium.
 41902 | Snake:3  | Reached skill level 15 in Fighting
 42595 | Snake:3  | Found Ewnigy's Jewellery Shoppe.
 42595 | Snake:3  | Found Verim's Gadget Boutique.
 42596 | Snake:3  | Found Rigin's Gadget Boutique.
 43187 | Snake:3  | Bought a lamp of fire for 400 gold pieces
 43212 | Snake:4  | Entered Level 4 of the Snake Pit
 45318 | Snake:3  | Bought a wand of digging (6) for 200 gold pieces
 46180 | Snake:4  | Reached XP level 18. HP: 112/163 MP: 24/24
 46460 | Snake:4  | HP: 8/163 [nagaraja/orb of energy (18)]
 46462 | Snake:4  | Killed from afar by a nagaraja

Levels and vault maps discovered:
D:1:      matt_arrival_diagonals, layout_loops_corners
D:2:      layout_basic, uniq_jessica, uniq_natasha
D:3:      layout_basic, first_ration
D:4:      layout_cave_pods, minivault_1, okawaru_ov_weapons_minmay,
          uniq_eustachio, uniq_robin
D:5:      layout_basic, old_standard_altar, serial_shops, shop,
          ebering_ghost_disaster_area, chequers_jeans, hangedman_decor_riveting,
          minmay_puff
D:6:      layout_loops_ring
D:7:      layout_loops_ring, temple_statues, st_stairs_6, minmay_crystal_room,
          nicolae_dithmenos_through_a_glass_darkly, uniq_joseph, uniq_duvessa
D:8:      layout_gridville
D:9:      layout_cave_pools, orc_0_dummy, grunt_livestock, uniq_erica
D:10:     layout_roguey, lair_entry_dummy, uniq_sonja
D:11:     layout_irregular_city, serial_shops, shop, basic_altar,
          nrook_pool_corridor
D:12:     minmay_open_boxes_in_corner, layout_basic, serial_shops, shop
D:13:     layout_layer_cave, portal_ice_cave_rime,
          maelrawn_ghost_gauntlet_escape
D:14:     layout_basic, ximxim_vaults_locker_room, serial_ice, serial_ice_l,
          serial_ice_g, serial_ice_e, serial_ice_f, serial_ice_d, serial_ice_n,
          serial_ice_m, serial_ice_b, enter_bailey_3,
          eino_small_chamber_without_monster, nicolae_ru_path_of_blood
D:15:     gammafunk_depths_entry_grave, layout_basic, ebering_ghost_xom
Lair:1:   layout_roguey, uniq_fannar
Lair:2:   lemuel_reptile_caves, layout_regular_city, columned_hall_lemuel
Lair:3:   layout_concentric_octagons
Lair:4:   layout_regular_city, elwin_shoals_entry_rooms,
          minmay_snake_entry_guardpost_small
Lair:5:   layout_cave_pods, dpeg_slime_entry_enclosed_altar, special_room
          [special_room_mythical_zoo], minmay_lair_oklob_chamber,
          grunt_megastairs_2, infiniplex_staircase_pool_2
Lair:6:   wormcave, layout_layer_cave
Shoals:1: layout_shoals, ebering_ghost_rock_garden, serial_shops,
          nicolae_shop_temple_entry_statues_fountains
Shoals:2: layout_shoals, serial_shops, shop
Shoals:3: cheibrodos_shoals_epimethial_gifts, layout_shoals, uniq_donald,
          uniq_polyphemus
Shoals:4: shoals_end_hangedman, layout_shoals
Snake:1:  layout_onion, special_room, gammafunk_ghost_split, uniq_asterion
Snake:2:  layout_chambers, serial_shops, nicolae_shop_behind_doors
Snake:3:  layout_layer_cave, drop_trap, minmay_shop_grove
Snake:4:  grunt_snake_rune_pools, layout_basic, drop_trap
Orc:1:    layout_caves, basic_altar, minmay_orc_temple_c
Orc:2:    grunt_orc_community_town_hall, layout_diamond_mine,
          grunt_orc_community_big_house_1, grunt_orc_community_big_house_2,
          grunt_orc_community_house_2, grunt_orc_community_house_3,
          grunt_orc_community_house_1, grunt_orc_community_house_1,
          grunt_orc_community_house_2, led_sif_book, uniq_jorgrun
Elf:1:    eino_elf_arrival_the_gate, layout_geoelf_octagon, serial_shops,
          nicolae_shop_overgrown_old_shop, minmay_elf_crystal_hexagon
Elf:2:    layout_rooms, serial_shops, shop, shop, shop, nicolae_shop_crystal,
          lemuel_elevator
Elf:3:    minmay_elf_hall, layout_loops_cross, serial_shops, nicolae_shop_trees,
          roderic_roman_lattice

Skill      XL: |  1  2  3  4  5  6  7  8  9 10 11 12 13 14 15 16 17 |
---------------+----------------------------------------------------+-----
Dodging        | 2 3 4 5 7 8 9 10 11 12 13 14 15 | 15.6
Armour         | 1 2 3 4 5 6 8 9 10 11 12 13 14 15 | 15.6
Fighting       | 1 2 3 4 5 6 8 9 10 11 12 13 14 15 | 15.5
Maces & Flails | 1 |  1.8
Staves         | 1 2 3 4 6 7 8 9 11 12 13 | 13.9
Polearms       | 2 |  2.7
Summonings     | 4 9 |  9.8
Stealth        | |  1.7
Spellcasting   | |  1.7
Conjurations   | |  0.8
Fire Magic     | |  2.6

Action                   |  1- 3 |  4- 6 |  7- 9 | 10-12 | 13-15 | 16-18 || total
-------------------------+-------+-------+-------+-------+-------+-------++-------
Melee: Club              |    57 |       |       |       |       |       ||    57
       Unarmed           |     1 |       |       |       |       |       ||     1
       Whip              |    34 |    11 |       |       |       |       ||    45
       Quarterstaff      |       |   194 |   448 |   757 |  1812 |  1542 ||  4753
       Mace              |       |    39 |       |       |       |       ||    39
       Spear             |       |       |       |   185 |       |       ||   185
Throw: Dart              |       |     2 |    72 |    12 |    14 |     2 ||   102
       Throwing net      |       |     1 |       |       |       |       ||     1
       Javelin           |       |       |       |       |       |     4 ||     4
 Cast: Flame Tongue      |    13 |    39 |     1 |       |       |       ||    53
Evoke: Wand              |       |     6 |    10 |    20 |    18 |     5 ||    59
       Lamp of fire      |       |       |       |       |       |     2 ||     2
  Use: Scroll            |     1 |    12 |     9 |    22 |    19 |    27 ||    90
       Potion            |     1 |     8 |    10 |     4 |    16 |    13 ||    52
 Stab: Sleeping          |     4 |     1 |     1 |     5 |     2 |     1 ||    14
       Paralysed         |       |       |       |       |    10 |       ||    10
       Distracted        |       |       |       |       |     1 |       ||     1
       Invisible         |       |       |       |       |     7 |       ||     7
  Eat: Chunk             |       |    11 |     7 |    25 |    34 |    22 ||    99
       Ration            |       |       |     4 |     1 |     3 |     8 ||    16
Armor: Ring mail         |    40 |   101 |    67 |       |       |       ||   208
       Skin              |       |    42 |       |    41 |       |       ||    83
       Leather armour    |       |       |    92 |   201 |    28 |       ||   321
       Fire dragon scale |       |       |       |       |   375 |   347 ||   722
Dodge: Dodged            |    66 |   217 |   282 |   650 |  1316 |  1164 ||  3695
Block: Other             |       |       |    37 |   209 |   407 |   334 ||   987
       Reflection        |       |       |     1 |     2 |    10 |    29 ||    42
